 Dungeon Crawl Stone Soup version 0.31.0-12-g77e489cdc1 (webtiles) character file.

Game seed: 17149911543809461001

155 spaghetti the Caller (level 5, -7/40 HPs)
             Began as a Formicid Summoner on Feb 26, 2024.
             Was a Follower of Sif Muna.
             Mangled by an ogre
             ... wielding a +0 giant club
              (27 damage)
             ... on level 4 of the Dungeon.
             The game lasted 00:05:56 (3371 turns).

spaghetti the Caller (Formicid Summoner)            Turns: 3371, Time: 00:05:57

Health: -7/40      AC:  2    Str: 13    XL:     5   Next: 63%
Magic:  1/9        EV: 12    Int: 16    God:    Sif Muna [*.....]
Gold:   177        SH:  0    Dex: 14    Spells: 0/10 levels left

rFire   + . .        (no weapon)
rCold   . . .        (no shield)
rNeg    . . .        a - +0 robe
rPois   .            (helmet unavailable)
rElec   .            (no cloak)
rCorr   .            (no gloves)
SInv    +            (no boots)
Will    .....        (no amulet)
Stlth   ++           (no ring)
HPRegen 0.26/turn    (no ring)
MPRegen 0.11/turn

%: no passive effects
@: no status effects
A: permanent stasis, dig shafts and tunnels, antennae 3, four strong arms, fire
resistance 1, low MP 1, screaming 1
a: Dig, Shaft Self, Renounce Religion, Channel Magic


You were on level 4 of the Dungeon.
You worshipped Sif Muna.
Sif Muna was aware of your devotion.
You visited 1 branch of the dungeon, and saw 4 of its levels.

You collected 199 gold pieces.
You spent 22 gold pieces at shops.

Inventory:

Armour
 a - a +0 robe (worn)
Scrolls
 c - a scroll of fog
 d - 3 scrolls of enchant armour
 e - a scroll of poison
Potions
 b - a potion of magic
 f - a potion of might {unknown}
 h - 2 potions of enlightenment
 j - 2 potions of haste {unknown}
 k - a potion of attraction {unknown}


   Skills:
 + Level 2.8 Fighting
 - Level 1.7 Dodging
 - Level 2.4 Stealth
 + Level 3.4 Spellcasting
 + Level 4.9 Summonings
 + Level 0.3 Air Magic
 + Level 0.9 Invocations


You couldn't memorise any spells.
You knew the following spells:

 Your Spells              Type           Power      Damage    Failure   Level
a - Summon Small Mammal   Summ           72%        N/A       2%          1
b - Call Imp              Summ           36%        N/A       3%          2
c - Call Canine Familiar  Summ           18%        N/A       7%          3
d - Summon Lightning Spi  Summ/Air       11%        N/A       52%         4

Your spell library contained the following spells:

 Spells                   Type           Power      Damage    Failure   Level
 Cigotuvi's Dreadful Rot  Necr/Alch/Air  6%         N/A       26%         2
 Summon Blazeheart Golem  Fire/Summ      10%        N/A       54%         4
 Ignite Poison            Fire/Alch      2%         N/A       87%         4
 Freezing Cloud           Conj/Ice/Air   1%         6-21      99%         5


Dungeon Overview and Level Annotations

Branches:
Dungeon (4/15)
 Temple: D:4-7

Altars:
Sif Muna
Trog

Shops:
D:2 ?   D:4 :


Innate Abilities, Weirdness & Mutations

You cannot be hasted, slowed, berserked, paralysed or teleported.
You can dig through walls and to a lower floor.
You have a pair of large antennae on your head. (SInv)
Your four strong arms can wield two-handed weapons with a shield.
Your flesh is heat resistant. (rF+)
Your magical capacity is low. (-10% MP)
You occasionally shout uncontrollably at your foes.


Message History

Your lightning spire is destroyed!
Your lightning spire disappears in a puff of smoke!
Your inugami barely misses the ogre.
Your rat bites the ogre but does no damage.
A stone appears from out of your range of vision.
The stone barely misses your rat.
Casting: Summon Small Mammal (safe; 2% risk of failure)
Confirm with . or Enter, or press ? or * to list all spells.
You don't have enough magic to cast this spell.
Your inugami disappears in a puff of smoke!
Your bat closely misses the ogre.
The ogre hits your rat with a +0 giant club!
Your rat dies!
Your rat's corpse disappears in a puff of smoke!
The ogre shouts!
Casting: Summon Small Mammal (safe; 2% risk of failure)
Confirm with . or Enter, or press ? or * to list all spells.
You hear a shout!
A kobold comes into view. It is wielding a +0 whip.
Your bat hits the ogre but does no damage.
Your bat hits the ogre.
A black bear comes into view.
Your bat hits the ogre but does no damage.
You catch the helpless ogre completely off-guard!
You hit the ogre.
The ogre is almost dead.
Your bat hits the ogre but does no damage.
Your bat barely misses the ogre.
The ogre hits you with a +0 giant club!!
Ouch! That really hurt!
Your bat hits the ogre but does no damage.
Unknown command.
You catch the helpless ogre completely off-guard!
You hit the ogre.
The ogre is almost dead.
Your bat closely misses the ogre.
Your bat hits the ogre but does no damage.
The ogre hits you with a +0 giant club!!
Ouch! That really hurt!
You die...

.....# #. #....# ..
#.# #...K#.. #...
#?...#. #...##..... {
#..8..#...#
#.....#...#
.∩..h.b.O.# #####.b@#
# #..##############
#...............
#.............#
#....†........###
.....####...##......#
#.... ##......<#.
#.... +..........#
#.... ##.##....###


You could see a black bear, an ogre (ally target), a kobold and 2 friendly bats.

Vanquished Creatures
  An adder (D:2)
  A dart slug (D:1)
  A ribbon worm (D:2)
  2 ball pythons
  An endoplasm (D:1)
  A giant cockroach (D:3)
  A goblin (D:3)
  A hobgoblin (D:3)
  A kobold (D:1)
  A quokka (D:3)
  2 bats (D:3)
  2 frilled lizards
  3 rats
18 creatures vanquished.

Vanquished Creatures (collateral kills)
  An orc wizard (D:3)
  6 adders
  3 dart slugs (D:2)
  4 orcs (D:3)
  A bat (D:1)
  4 endoplasms
  2 hobgoblins
  3 jackals (D:1)
  6 kobolds
  A quokka (D:3)
  2 ball pythons
  4 goblins
  2 rats (D:3)
39 creatures vanquished.

Grand Total: 57 creatures vanquished

Notes
Turn   | Place    | Note
-------+----------+-------------------------------------------
     0 | D:1      | spaghetti the Formicid Summoner began the quest for the
                  | Orb.
     0 | D:1      | Reached XP level 1. HP: 13/13 MP: 3/3
   200 | D:1      | Reached XP level 2. HP: 7/20 MP: 1/5
   318 | D:1      | You fall into a shaft and drop 1 floor!
   330 | D:2      | Reached skill level 1 in Fighting
   419 | D:2      | Reached XP level 3. HP: 26/26 MP: 4/6
   419 | D:2      | Learned a level 2 spell: Call Imp
  1031 | D:1      | Learned a level 3 spell: Call Canine Familiar
  1156 | D:2      | Gained mutation: You occasionally shout uncontrollably at
                  | your foes. [potion of mutation]
  1156 | D:2      | Gained mutation: Your magical capacity is low. (-10% MP)
                  | [potion of mutation]
  1156 | D:2      | Gained mutation: Your flesh is heat resistant. (rF+)
                  | [potion of mutation]
  1238 | D:2      | Found Varouhop's Magic Scroll Shop.
  1265 | D:2      | Reached XP level 4. HP: 26/33 MP: 0/7
  1417 | D:2      | Bought a scroll of identify for 22 gold pieces
  1421 | D:2      | Found a bloodstained altar of Trog.
  2180 | D:3      | Reached XP level 5. HP: 8/39 MP: 0/8
  2366 | D:3      | Found a faded altar of an unknown god.
  2375 | D:3      | Prayed at the altar of an unknown god.
  2375 | D:3      | Became a worshipper of Sif Muna the Loreminder
  2375 | D:3      | Reached * piety under Sif Muna
  2896 | D:3      | Learned a level 4 spell: Summon Lightning Spire
  3352 | D:4      | Found Upsyts's Book Shop.
  3352 | D:4      | Noticed an ogre
  3369 | D:4      | Noticed a black bear
  3371 | D:4      | Mangled by an ogre

Illustrated notes

Levels and vault maps discovered:
D:1:      grunt_arrival_crossed_arrows, layout_rooms, serial_forest,
          infiniplex_forest_lined_4_way, infiniplex_forest_lined_3,
          infiniplex_forest_clump_double, infiniplex_forest_lined_room_3,
          infiniplex_forest_zigzag_1, infiniplex_forest_zigzag_1,
          infiniplex_forest_straight_5, serial_bayou_pond_a
D:2:      layout_rooms, basic_altar, serial_shops, nicolae_shop_waterfront
D:3:      layout_loops_corners, chequers_ecumenical_altar_simple_redux
D:4:      layout_basic, nicolae_ashenzari_skybound,
          nicolae_shop_distant_corner_stores, guppyfry_shop_venom

Skill      XL: |  1  2  3 |
---------------+----------+-----
Fighting       | 1 2 |  2.8
Spellcasting   | 3 |  3.4
Dodging        | |  1.7
Stealth        | |  2.4
Summonings     | |  4.9
Air Magic      | |  0.3
Invocations    | |  0.9

Action                     |  1- 3 |  4- 6 || total
---------------------------+-------+-------++-------
  Melee: Unarmed           |    70 |    89 ||   159
         Punch             |       |     1 ||     1
   Cast: Summon Small Mamm |    32 |    17 ||    49
         Call Imp          |     6 |    14 ||    20
         Call Canine Famil |     1 |    11 ||    12
         Summon Lightning  |       |     1 ||     1
Ability: Shaft Self        |     1 |       ||     1
    Use: Potion            |     3 |       ||     3
         Scroll            |       |     6 ||     6
   Stab: Distracted        |     1 |     2 ||     3
         Sleeping          |       |     1 ||     1
 Armour: Robe              |    56 |    70 ||   126
  Dodge: Dodged            |    63 |    65 ||   128
